 Dungeon Crawl Stone Soup version 0.22.1-2-g9c5b331383 (webtiles) character file.

54 Rediskos the Ducker (level 3, 15/16 HPs)
             Began as a Spriggan Ice Elementalist on Dec 3, 2018.
             Quit the game on level 2 of the Dungeon.
             The game lasted 00:07:14 (1716 turns).

Rediskos the Ducker (Spriggan Ice Elementalist)     Turns: 1716, Time: 00:07:15

Health: 15/16      AC:  7    Str:  4    XL:     3   Next: 66%
Magic:  2/8        EV: 19    Int: 17    God:
Gold:   103        SH:  0    Dex: 16    Spells: 2/8 levels left

rFire    . . .     SeeInvis +   (weapon restricted)
rCold    . . .     Gourm    .   (shield restricted)
rNeg     . . .     Faith    .   a - +0 robe
rPois    .         Spirit   .   (helmet restricted)
rElec    .         Reflect  .   (no cloak)
rCorr    .         Harm     .   (gloves unavailable)
MR       .....                  (boots unavailable)
Stlth    ++........             (no amulet)
HPRegen  0.05/turn              (no ring)
MPRegen  0.11/turn              (no ring)

@: icy armour, very quick
A: very small, unfitting armour, see invisible, herbivore, speed 3, slow
metabolism 2
a: no special abilities


You were on level 2 of the Dungeon.
You were hungry.

You visited 1 branch of the dungeon, and saw 2 of its levels.

You collected 103 gold pieces.

Inventory:

Armour
 a - a +0 robe (worn)
Scrolls
 h - a scroll of fear {unknown}
 j - 2 scrolls of remove curse {unknown}
 k - 2 scrolls of enchant weapon {unknown}
 m - a scroll of fog {unknown}
Potions
 b - a potion of curing {unknown}
 d - a potion of magic {unknown}
 e - a potion of haste {unknown}
 f - 2 potions of ambrosia {unknown}
 g - a potion of flight {unknown}
 i - a potion of might {unknown}
 l - a potion of lignification {unknown}
 n - a potion of degeneration {unknown}
Comestibles
 c - 2 rations


   Skills:
 + Level 0.0 Fighting
 + Level 4.0 Dodging
 - Level 3.0 Stealth
 + Level 3.4 Spellcasting
 + Level 0.7 Conjurations
 * Level 3.1 Ice Magic


You had 2 spell levels left.
You knew the following spells:

 Your Spells              Type           Power        Failure   Level  Hunger
a - Freeze                Ice            ##..         4%          1    None
s - Throw Frost           Conj/Ice       #.....       12%         2    ##.....
x - Ozocubu's Armour      Chrm/Ice       #.......     26%         3    ###....

Your spell library contained the following spells:

 Spells                   Type           Power        Failure   Level  Hunger
 Throw Icicle             Conj/Ice       #.......     58%         4    ####...
 Summon Ice Beast         Ice/Summ       #.......     65%         4    ####...


Dungeon Overview and Level Annotations

Branches:
Dungeon (2/15)

Altars:


Innate Abilities, Weirdness & Mutations

You are very small and have problems with some larger weapons.
You are too small for most types of armour.
You have supernaturally acute eyesight. (SInv)
You are a herbivore.
You cover ground extremely quickly.
You need to consume almost no food.


Message History

A leopard gecko comes into view.
A leopard gecko is nearby!
Casting: Freeze (safe; 4% risk of failure)
Confirm with . or Enter, or press ? or * to list all spells.
You can't see any susceptible monsters within range! (Use Z to cast anyway.)
Casting: Freeze (safe; 4% risk of failure)
Confirm with . or Enter, or press ? or * to list all spells.
A film of ice covers your body!
Your icy armour cracks and falls away as you move.
The leopard gecko hisses angrily.
Casting: Ozocubu's Armour (safe; 26% risk of failure)
Confirm with . or Enter, or press ? or * to list all spells.
A film of ice covers your body!
Casting: Ozocubu's Armour (safe; 26% risk of failure)
Confirm with . or Enter, or press ? or * to list all spells.
You don't have enough magic to cast that spell.
Casting: Ozocubu's Armour (safe; 26% risk of failure)
Confirm with . or Enter, or press ? or * to list all spells.
You don't have enough magic to cast that spell.
Are you sure you want to abandon this character and quit the game? (Confirm

############
#..........#
#..........#
#..........# ..
########..........###...
#.......................
#..........####.........
#......@.....##.........
#..l....##...##.........
#.......##...##.........
........##..............
....
........##..............
...
........##.......######.
.. ........##...##### #.
.# .............. #. .#
.... #.


You could see a leopard gecko.

Vanquished Creatures
  An adder (D:2)
  2 dart slugs
  A leopard gecko (D:1)
  A ball python (D:1)
  5 goblins
  3 hobgoblins
  6 jackals
  A quokka (D:2)
  6 bats
  2 frilled lizards (D:1)
  4 kobolds
  4 rats
36 creatures vanquished.

Notes
Turn   | Place    | Note
-------+----------+-------------------------------------------
     0 | D:1      | Rediskos the Spriggan Ice Elementalist began the quest for
                  | the Orb.
     0 | D:1      | Reached XP level 1. HP: 9/9 MP: 5/5
   182 | D:1      | Reached XP level 2. HP: 11/13 MP: 4/7
   230 | D:1      | Learned a level 2 spell: Throw Frost
  1025 | D:2      | Reached XP level 3. HP: 13/16 MP: 1/8
  1091 | D:1      | Learned a level 3 spell: Ozocubu's Armour
  1501 | D:2      | Reached skill level 4 in Dodging
  1716 | D:2      | Quit the game

Skill      XL: |  1  2  3 |
---------------+----------+-----
Spellcasting   | 3 |  3.4
Ice Magic      | 3 |  3.1
Dodging        | 4 |  4.0
Stealth        | |  3.0
Conjurations   | |  0.7

Action                   || total
-------------------------++-------
 Cast: Freeze            ||    23
       Throw Frost       ||    37
       Ozocubu's Armour  ||     2
Armor: Robe              ||     1
Dodge: Dodged            ||    25
